 Dungeon Crawl Stone Soup version 0.28.0 (webtiles) character file.

Game seed: 7741321022056439792

655821 freelancePsychic the Cryomancer (level 27, -1/222 HPs)
             Began as a Merfolk Fire Elementalist on Feb 7, 2022.
             Was the Champion of Sif Muna.
             Slain by a Hell Sentinel (15 damage)
             ... on level 19 of a ziggurat.
             The game lasted 03:21:33 (86065 turns).

freelancePsychic the Cryomancer (MfFE)             Turns: 86065, Time: 03:21:34

Health: -1/222     AC: 32    Str: 13    XL:     27
Magic:  39/46      EV: 24    Int: 34    God:    Sif Muna [******]
Gold:   2368       SH:  6    Dex: 17    Spells: 6/65 levels left

rFire   + + +      SeeInvis .   a - +3 Elemental Staff {rElec rF++ rC++ AC+5}
rCold   + + +      Faith    .   K - +0 buckler
rNeg    + + +      Spirit   .   k - +4 robe of Folly {Brilliance Will-∞ Int+8}
rPois   ∞          Reflect  .   N - +2 helmet
rElec   +          Harm     .   u - +0 cloak
rCorr   .          Rampage  +   P - +1 pair of gloves
Will    .....                   I - +2 pair of boots {rampage}
Stlth   +++++.....              Z - amulet of regeneration
HPRegen 1.27/turn               M - ring of Faxta {rF+ Will+ AC+4 Str+5}
MPRegen 0.30/turn               A - ring of Weucvek {rC+ rN+ Stlth+}

@: lich-form, very slightly contaminated, slowed, studying 2 skills, silenced,
very slow
A: draining attack, torment immunity, no potions, (nimble swimmer 2), mertail,
iridescent scales 1, mutation resistance 1
}: 4/15 runes: serpentine, barnacled, slimy, abyssal
a: End Transformation, Renounce Religion


You were on level 19 of a ziggurat.
You worshipped Sif Muna.
Sif Muna was exalted by your worship.
You were an undead lich.
You visited 12 branches of the dungeon, and saw 53 of its levels.
You visited the Abyss 4 times.
You visited 1 ziggurat, and saw 19 of its levels.
You also visited: Bailey and Ice Cave.

You collected 6827 gold pieces.
You spent 4459 gold pieces at shops.

Inventory:

Hand Weapons
 a - the +3 Elemental Staff (weapon) {rElec rF++ rC++ AC+5}
   (You found it on level 14 of the Dungeon)

   If the wielder is skilled in Evocations, they can discharge powerful blasts
   of elemental energy when striking with it.
   It enhances your fire, ice, earth and air magic.
   AC:        It affects your AC (+5).
   rF:        It greatly protects you from fire.
   rC:        It greatly protects you from cold.
   rElec:     It insulates you from electricity.
Armour
 k - the +4 robe of Folly (worn) {Brilliance Will-∞ Int+8}
   (You bought it in a shop on level 2 of the Snake Pit)

   It increases the power of your magical spells.
   It halves the magic cost of your spells (rounding up).
   It reduces your willpower to zero.
   Int:       It affects your intelligence (+8).
 u - a +0 cloak (worn)
 w - a +2 kite shield of cold resistance
 I - a +2 pair of boots of rampaging (worn)
 K - a +0 buckler (worn)
 N - a +2 helmet (worn)
 P - a +1 pair of gloves (worn)
Jewellery
 l - the amulet "Paanoy" {Spirit Regen+ Str+4}
   (You found it on level 3 of the Elven Halls)

   [amulet of guardian spirit]

   It causes incoming damage to be divided between your reserves of health and
   magic.
   Str:       It affects your strength (+4).
   Regen:     It increases your rate of health regeneration.
 A - the ring of Weucvek (right hand) {rC+ rN+ Stlth+}
   (You found it on level 11 of a ziggurat)

   [ring of positive energy]

   rC:        It protects you from cold.
   rN:        It protects you from negative energy.
   Stlth:     It makes you more stealthy.
 M - the ring of Faxta (left hand) {rF+ Will+ AC+4 Str+5}
   (You found it on level 3 of the Elven Halls)

   [ring of protection]

   AC:        It affects your AC (+4).
   Str:       It affects your strength (+5).
   rF:        It protects you from fire.
   Will:      It increases your willpower.
 O - the ring "Myugred" {Drain Str+3 Int+3 Dex+2 Slay+4}
   (You found it on level 3 of the Elven Halls)

   [ring of slaying]

   Str:       It affects your strength (+3).
   Int:       It affects your intelligence (+3).
   Dex:       It affects your dexterity (+2).
   Slay:      It affects your accuracy & damage with ranged weapons and melee
   (+4).
   Drain:     It drains your maximum health when unequipped.
 Z - an amulet of regeneration (around neck)
Wands
 o - a wand of digging (29)
 x - a wand of paralysis (42)
 F - a wand of polymorph (25)
 G - a wand of flame (100)
 H - a wand of charming (21)
 V - a wand of acid (9)
Scrolls
 c - 25 scrolls of teleportation {@r4}
 d - 4 scrolls of amnesia
 i - 30 scrolls of identify {@r1}
 j - 30 scrolls of enchant weapon
 p - 4 scrolls of noise
 q - 5 scrolls of immolation
 s - 8 scrolls of magic mapping
 v - 7 scrolls of blinking
 y - 7 scrolls of vulnerability
 D - 7 scrolls of fear
 J - 7 scrolls of enchant armour
 L - 2 scrolls of torment
 S - 9 scrolls of silence
 T - 6 scrolls of holy word
 U - a scroll of brand weapon
 W - 17 scrolls of fog
 Y - a scroll of summoning
Potions
 b - 6 potions of haste {@q3}
 e - 7 potions of attraction
 f - 11 potions of heal wounds {@q2}
 g - 5 potions of degeneration
 h - 14 potions of curing {@q1}
 m - 11 potions of magic
 n - 8 potions of lignification
 r - 5 potions of cancellation
 t - 8 potions of mutation
 z - 10 potions of berserk rage
 C - 8 potions of flight
 E - 5 potions of might
 Q - 6 potions of resistance
 R - 6 potions of brilliance
 X - 5 potions of ambrosia


   Skills:
 - Level 19.3 Fighting
 - Level 19.7 Dodging
 - Level 7.4 Stealth
 - Level 5.0 Shields
 - Level 15.1 Unarmed Combat
 + Level 19.7 Spellcasting
 - Level 3.0 Conjurations
 - Level 9.2 Necromancy
 - Level 15.1 Translocations
 - Level 22.7 Transmutations
 - Level 2.1 Fire Magic
 - Level 23.7 Ice Magic
 - Level 9.4 Air Magic
 + Level 4.2 Earth Magic
 - Level 10.3 Poison Magic
 - Level 10.1 Invocations


You had 6 spell levels left.
You knew the following spells:

 Your Spells              Type           Power      Damage    Failure   Level
a - Storm Form            Tmut/Air       72%        N/A       1%          7
b - Manifold Assault      Tloc           100%       N/A       1%          5
c - Polar Vortex          Ice            82%        N/A       8%          9
d - Dragon Form           Tmut           68%        N/A       1%          7
e - Ozocubu's Refrigerat  Ice            82%        4d21      1%          7
f - Necromutation         Tmut/Necr      72%        N/A       12%         8
g - Alistair's Intoxicat  Tmut/Pois      80%        N/A       1%          5
h - Irradiate             Conj/Tmut      55%        3d31      1%          5
i - Eringya's Noxious Bo  Tmut/Pois      60%        N/A       1%          6

Your spell library contained the following spells:

 Spells                   Type           Power      Damage    Failure   Level
 Apportation              Tloc           100%       N/A       0%          1
 Beastly Appendage        Tmut           100%       N/A       0%          1
 Freeze                   Ice            100%       1d11      0%          1
 Sting                    Tmut/Pois      100%       1d8       0%          1
 Blink                    Tloc           100%       N/A       0%          2
 Ensorcelled Hibernation  Hex/Ice        100%       N/A       0%          2
 Passwall                 Tmut/Erth      100%       N/A       0%          2
 Wereblood                Tmut           100%       N/A       0%          2
 Frozen Ramparts          Ice            100%       1d12      0%          3
 Gell's Gravitas          Tloc           100%       N/A       0%          3
 Lesser Beckoning         Tloc           100%       N/A       0%          3
 Ozocubu's Armour         Ice            100%       N/A       0%          3
 Spider Form              Tmut/Pois      100%       N/A       0%          3
 Teleport Other           Tloc           100%       N/A       0%          3
 Ice Form                 Ice/Tmut       100%       N/A       0%          4
 Blade Hands              Tmut           68%        N/A       0%          5
 Animate Skeleton         Necr           100%       N/A       1%          1
 Foxfire                  Conj/Fire      100%       2x1d9     1%          1
 Magic Dart               Conj           100%       1d8       1%          1
 Pain                     Necr           100%       1d9       1%          1
 Sandblast                Erth           100%       2d20      1%          1
 Shock                    Conj/Air       100%       1d9       1%          1
 Slow                     Hex            100%       N/A       1%          1
 Call Imp                 Summ           50%        N/A       1%          2
 Corpse Rot               Necr/Air       100%       N/A       1%          2
 Poisonous Vapours        Pois/Air       100%       N/A       1%          2
 Scorch                   Fire           100%       2d10      1%          2
 Searing Ray              Conj           100%       2d8       1%          2
 Static Discharge         Conj/Air       100%       N/A       1%          2
 Sublimation of Blood     Necr           100%       N/A       1%          2
 Conjure Flame            Conj/Fire      86%        6-21      1%          3
 Dazzling Flash           Conj/Hex       100%       N/A       1%          3
 Ignite Poison            Fire/Tmut/Pois 100%       N/A       1%          3
 Mephitic Cloud           Conj/Pois/Air  100%       N/A       1%          3
 Portal Projectile        Hex/Tloc       100%       N/A       1%          3
 Stone Arrow              Conj/Erth      100%       3d13      1%          3
 Swiftness                Air            100%       N/A       1%          3
 Vampiric Draining        Necr           100%       2d13      1%          3
 Airstrike                Air            60%        N/A       1%          4
 Anguish                  Hex/Necr       49%        N/A       1%          4
 Animate Dead             Necr           60%        N/A       1%          4
 Dispel Undead            Necr           100%       3d31      1%          4
 Hailstorm                Conj/Ice       100%       3d20      1%          4
 Iskenderun's Mystic Bla  Conj/Tloc      97%        2d19      1%          4
 Olgreb's Toxic Radiance  Pois           100%       N/A       1%          4
 Passage of Golubria      Tloc           100%       N/A       1%          4
 Petrify                  Tmut/Erth      100%       N/A       1%          4
 Summon Ice Beast         Ice/Summ       100%       N/A       1%          4
 Summon Lightning Spire   Summ/Air       99%        N/A       1%          4
 Agony                    Necr           100%       N/A       1%          5
 Excruciating Wounds      Necr           60%        N/A       1%          5
 Freezing Cloud           Conj/Ice/Air   78%        6-21      1%          5
 Metabolic Englaciation   Hex/Ice        65%        N/A       1%          5
 Summon Forest            Summ/Tloc      45%        N/A       1%          5
 Yara's Violent Unravell  Hex/Tmut       52%        3d20      1%          5
 Dispersal                Tloc           58%        N/A       1%          6
 Simulacrum               Ice/Necr       85%        N/A       1%          6
 Statue Form              Tmut/Erth      90%        N/A       1%          6
 Inner Flame              Hex/Fire       75%        N/A       2%          3
 Borgnjor's Vile Clutch   Necr/Erth      66%        N/A       2%          5
 Lightning Bolt           Conj/Air       53%        1d75      2%          5
 Call Canine Familiar     Summ           50%        N/A       3%          3
 Confusing Touch          Hex            50%        N/A       3%          3
 Tukima's Dance           Hex            50%        N/A       3%          3
 Animate Armour           Summ/Erth      100%       N/A       4%          4
 Flame Wave               Conj/Fire      86%        2d15      4%          4
 Leda's Liquefaction      Hex/Erth       41%        N/A       4%          4
 Sticky Flame             Conj/Fire      86%        2d10      4%          4
 Silence                  Hex/Air        49%        N/A       4%          5
 Death Channel            Necr           60%        N/A       4%          6
 Lee's Rapid Deconstruct  Erth           48%        3d24*     6%          5
 Fulminant Prism          Conj/Hex       30%        3d16      7%          4
 Iskenderun's Battlesphe  Conj           69%        2d12      10%         5
 Cause Fear               Hex            25%        N/A       12%         4
 Fireball                 Conj/Fire      43%        3d17      12%         5
 Conjure Ball Lightning   Conj/Air       53%        3x3d18    14%         6
 Summon Mana Viper        Hex/Summ       50%        N/A       34%         5
 Iron Shot                Conj/Erth      46%        9d9       38%         6
 Starburst                Conj/Fire      43%        6d12      54%         6
 Summon Cactus Giant      Summ           25%        N/A       88%         6
 Disjunction              Tloc           58%        N/A       16%         8
 Malign Gateway           Summ/Tloc      45%        N/A       43%         7
 Haunt                    Necr/Summ      49%        N/A       85%         7
 Maxwell's Capacitive Co  Air            60%        ∞         86%         8
 Borgnjor's Revivificati  Necr           60%        N/A       88%         8
 Infestation              Necr           60%        N/A       88%         8
 Orb of Destruction       Conj           34%        9d10      97%         7
 Spellforged Servitor     Conj/Summ      30%        N/A       99%         7
 Enfeeble                 Hex            25%        N/A       100%        7
 Monstrous Menagerie      Summ           25%        N/A       100%        7
 Summon Hydra             Summ           25%        N/A       100%        7
 Discord                  Hex            25%        N/A       100%        8
 Ignition                 Fire           41%        3d12      100%        8
 Lehudib's Crystal Spear  Conj/Erth      46%        10d11     100%        8
 Summon Horrible Things   Summ           25%        N/A       100%        8
 Chain Lightning          Conj/Air       53%        3d71      100%        9
 Death's Door             Necr           60%        N/A       100%        9
 Dragon's Call            Summ           25%        N/A       100%        9
 Fire Storm               Conj/Fire      43%        8d11      100%        9
 Shatter                  Erth           48%        3d37*     100%        9


Dungeon Overview and Level Annotations

Branches:
Dungeon (15/15)            Temple (0/1) D:5            Lair (6/6) D:11
 Shoals (4/4) Lair:4        Snake (4/4) Lair:3        Slime (5/5) Lair:5
    Orc (2/2) D:12            Elf (3/3) Orc:2        Vaults (4/5) D:13
  Crypt (3/3) Vaults:2       Tomb (0/3) Crypt:3      Depths (4/4) D:15
   Hell (visited)             Dis (0/7) Hell            Geh (0/7) Hell
    Coc (0/7) Hell            Tar (0/7) Hell            Zot (2/5) Depths:4
 Bailey (visited)           IceCv (visited)

Altars:
Ashenzari
Cheibriados
Dithmenos
Fedhas
Gozag
Hepliaklqana
Makhleb
Okawaru
Qazlal
Sif Muna
Trog
Wu Jian
Yredelemnul
Zin
Jiyva
Lugonu

Shops:
D:13 !**   Orc:2 *[[*   Elf:3 *   Shoals:1 [   Snake:2 (*[=   Snake:3 (!
Snake:4 [   Depths:1 :==!   Depths:2 ?   Depths:4 **

Portals:
Hell: Depths:1 Depths:2 Depths:3 Depths:4
Abyss: Depths:1 Depths:3 Depths:4
Pandemonium: Depths:1 Depths:2

Annotations:
D:3 2 transporters, Barbarella's ghost, weakling MiBe
D:6 1 runed translucent door, Dowan; Duvessa; Maggie
D:10 exclusion: acid dragon
D:11 exclusion: vampire
D:14 Roxanne
Lair:4 2 transporters, Murgh's ghost, journeyman MiBe
Lair:5 exclusion: door
Elf:2 3 runed translucent doors
Vaults:3 3 runed translucent doors, theMacoje's ghost, adept OgAM
Vaults:4 1 transporter, oldriver's ghost, veteran GrEE
Crypt:1 2 transporters


Innate Abilities, Weirdness & Mutations

You are an undead lich.
Your unarmed attacks are suffused with negative energy.
You are immune to unholy pain and torment.
Your necromantic spells are more powerful.
You cannot drink.
You are immune to poison.
((You are very nimble when in or above water. (Stealth+, EV+, Speed+++)))
Your lower body shifts to a powerful aquatic tail in water.
You are partially covered in iridescent scales. (AC +2)
You are somewhat resistant to further mutation.


Message History

Plog gestures.
Plog's surroundings become eerily quiet.
The Hell Sentinel gestures at you. The iron shot hits you!!
* * * LOW HITPOINT WARNING * * *
You block the demonspawn black sun's attack.
You flicker back into view.
The cacodemon gestures at you.
You feel as though you will be slow longer.
The Ice Fiend gestures at you.
The bolt of cold hits the demonspawn black sun.
The demonspawn black sun completely resists.
The bolt of cold hits the Hell Sentinel.
The Hell Sentinel completely resists.
The bolt of cold hits the Hell Sentinel.
The Hell Sentinel completely resists.
The bolt of cold hits the demonspawn black sun.
The demonspawn black sun completely resists.
The bolt of cold hits you! You resist.
* * * LOW HITPOINT WARNING * * *
Your attacks no longer feel as feeble.
The Hell Sentinel is no longer absorbing vital energies.
Plog gestures.
Plog's surroundings become eerily quiet.
You block the demonspawn black sun's attack.
The demonspawn black sun completely misses you.
Unknown command.
The demonspawn black sun is no longer absorbing vital energies.
The Hell Sentinel hits you but does no damage.
You block the Hell Sentinel's attack. The balrug gestures at you.
Something smites you!
* * * LOW HITPOINT WARNING * * *
The blizzard demon gestures at you. The bolt of cold hits you. You resist.
* * * LOW HITPOINT WARNING * * *
The reaper draws a finger across its throat.
The demonspawn black sun closely misses you.
You block the Hell Sentinel's attack. The Hell Sentinel hits you!
You die...

▓∩.........................
▓........................4.
▓.........................6
▓......................)..3
▓..........................
▓.....................6....
▓............2.........24..
▓▓▓▓▓▓▓▓▓▓....2.6......▓▓▓▓
▓L16.232...2..▓
▓6111.2.......▓
▓....62.4.....▓
▓..&2.2.......▓
▓▓▓▓▓▓▓▓▓▓▓▓▓▓▓


You could see Plog (silencing, black mark, unsilenced), 2 Hell Sentinels, a
demonspawn warmonger (black mark), 2 Ice Fiends, 2 cacodemons, 3 demonspawn
black suns, a reaper (black mark), a balrug (black mark, unsilenced), 2 blizzard
demons, a soul eater (black mark, unsilenced), a shadow demon (black mark,
unsilenced), a hellwing (black mark) and a tormentor (black mark, unsilenced).

Vanquished Creatures
  the Royal Jelly (Slime:5)
  Mara (Crypt:3)
  2 ancient liches
  An orb of fire (Zot:1)
  6 juggernauts
  Boris (Crypt:3)
  Sojobo (Depths:1)
  Bai Suzhen (Vaults:4)
  Saint Roka (Vaults:3)
  5 caustic shrikes
  Geryon (Hell)
  Xtahua (Vaults:2)
  Jory (Vaults:4)
  5 golden dragons
  4 bone dragons
  A Tzitzimitl (Zig:19)
  3 profane servitors
  2 Brimstone Fiends (Zig:19)
  An iron giant (Hell)
  An Ice Fiend (IceCv)
  4 tentacled monstrosities
  6 liches
  4 deep elf blademasters
  7 quicksilver dragons
  A titan (Depths:2)
  An acid blob (shapeshifter) (Depths:3)
  7 deep elf master archers
  A kraken (Shoals:3)
  A sphinx (Depths:4)
  5 Executioners
  9 ancient champions
  8 tentacled starspawn
  22 acid blobs
  3 storm dragons (shapeshifter) (Depths:3)
  4 shadow dragons
  A death cob (Zot:2)
  6 tengu reavers
  A thorn hunter (Zig:14)
  8 storm dragons
  2 draconian monks (Abyss:3)
  A fenstrider witch (Zig:14)
  3 revenants
  5 fire giants
  8 rockslimes
  3 nagarajas
  A draconian scorcher (Zot:1)
  A demonspawn warmonger (Zig:19)
  6 draconian knights
  11 azure jellies
  7 deep elf sorcerers
  6 frost giants
  An iron dragon (shapeshifter) (Depths:3)
  9 orc warlords
  3 balrugs
  2 curse skulls
  2 vault wardens (Vaults:3)
  2 iron dragons
  Louise (Snake:4)
  9 deep elf elementalists
  2 draconian annihilators
  A caustic shrike zombie (Crypt:3)
  4 ghouls (Crypt:1)
  An angel (Abyss:1)
  5 cacodemons
  2 draconian stormcallers (Zot:2)
  4 ghost moths
  16 quicksilver oozes
  4 spriggan defenders (Depths:2)
  5 reapers
  A demonspawn blood saint (Zig:19)
  A caustic shrike skeleton (Hell)
  12 ironbound preservers
  3 ironbound thunderhulks
  5 very ugly things
  A broodmother (Zig:8)
  4 black draconians
  5 stone giants
  6 war gargoyles
  9 lorocyprocas
  A green draconian (Zot:2)
  9 vampire knights
  4 red draconians
  17 deep elf annihilators
  Azrael (Orc:2)
  6 purple draconians
  4 entropy weavers
  10 dire elephants
  5 spark wasps (Depths:3)
  8 deep elf demonologists
  4 yellow draconians
  The ghost of Vext the Imperceptible, a journeyman SpEn of Gozag (D:13)
  3 iron golems
  Snorg (Orc:1)
  3 blizzard demons
  3 eidola
  A green death (Zig:14)
  4 ettins
  4 fire dragons
  2 jiangshi (Crypt:3)
  A crystal guardian (Depths:3)
  9 deep elf death magi
  8 merfolk javelineers
  9 yaktaur captains
  9 merfolk impalers
  A quicksilver dragon skeleton (Abyss:2)
  10 great orbs of eyes
  9 deep elf high priests
  A spriggan zombie (Crypt:3)
  5 rakshasas
  21 hydras
  6 ice dragons
  A fenstrider witch zombie (Crypt:3)
  2 caustic shrike simulacra (IceCv)
  A vault guard (Vaults:3)
  4 ironbound frosthearts
  An ogre mage (D:11)
  6 naga warriors
  5 salamander tyrants
  A ghost crab (Zig:14)
  6 spriggan air magi
  3 merfolk avatars
  A juggernaut simulacrum (Depths:3)
  3 boulder beetles
  2 catoblepae
  17 anacondas
  4 alligators (Zig:14)
  23 centaur warriors
  5 merfolk aquamancers
  9 death yaks
  32 dancing weapons
  2 spriggan skeletons (Crypt:3)
  6 two-headed ogres
  5 death knights
  2 alligator snapping turtles (Zig:10)
  7 vampire magi
  2 deep troll earth magi
  2 titan zombies
  11 thrashing horrors
  Sonja (D:10)
  4 tengu warriors
  11 naga sharpshooters
  15 shock serpents
  5 spriggans
  6 hell hogs
  26 hell knights
  5 spriggan berserkers (Depths:2)
  7 soul eaters
  19 deep elf knights
  5 orc high priests
  3 sun demons
  12 wretched stars
  6 iron trolls (Hell)
  2 pharaoh ants (Zig:8)
  36 skeletal warriors
  A spark wasp zombie (Depths:2)
  9 shadow wraiths
  A steelbarb worm (Zig:8)
  8 sixfirhies
  8 naga ritualists
  2 spatial maelstroms
  A goliath frog (Zig:14)
  13 sea snakes
  9 salamander mystics
  39 deep trolls
  2 anaconda zombies (Hell)
  A bunyip zombie (Hell)
  2 spriggan druids (Zig:14)
  A deep troll (shapeshifter) (Abyss:2)
  22 deep elf archers
  6 obsidian statues
  4 glowing orange brains
  13 lindwurms
  An orb spider (Abyss:1)
  2 flayed ghosts
  A quicksilver dragon simulacrum (Depths:3)
  3 spriggan simulacra
  10 swamp dragons
  A sphinx zombie (Depths:2)
  12 ironbound convokers
  2 anaconda skeletons
  2 bog bodies
  A golden dragon skeleton (Crypt:3)
  An orange crystal statue (Zig:19)
  13 phantasmal warriors
  A shadow dragon zombie (Crypt:3)
  Pikel (D:3)
  9 necromancers
  A wolf spider zombie (Crypt:1)
  9 wizards
  47 deep elf pyromancers
  25 deep elf zephyrmancers
  29 harpies
  2 bunyip skeletons (Crypt:3)
  7 orc knights
  9 mana vipers
  4 will-o-the-wisps (Zig:14)
  A spectral deep troll (Depths:2)
  12 shining eyes
  23 large abominations
  26 salamanders
  A wolf spider (Zig:8)
  3 iron dragon zombies
  A manticore (shapeshifter) (Depths:3)
  9 orc sorcerers
  2 draconians (Abyss:3)
  7 cyclopes
  A fire giant zombie (Vaults:1)
  A jorogumo skeleton (Crypt:2)
  44 ugly things
  3 fauns (Shoals:1)
  A tengu skeleton (Vaults:4)
  16 manticores
  3 worldbinders
  10 vault sentinels
  10 elephants
  A stone giant skeleton (Crypt:2)
  8 moths of wrath
  7 ice statues
  4 eyes of devastation
  4 rust devils
  A frost giant skeleton (Vaults:4)
  41 black mambas
  Maurice (D:12)
  An alligator snapping turtle zombie (Crypt:1)
  10 guardian serpents
  7 merfolk sirens
  27 naga magi
  11 water nymphs
  13 smoke demons
  3 molten gargoyles
  5 gargoyles
  5 apocalypse crabs
  4 orange demons
  A storm dragon simulacrum (Depths:2)
  A swamp worm zombie (Crypt:1)
  4 torpor snails
  A demonic crawler (Hell)
  An anaconda simulacrum (Crypt:1)
  5 kobold demonologists
  14 cane toads
  2 sea snake zombies (Hell)
  6 unseen horrors
  A hellion (Hell)
  3 rime drakes
  A yaktaur (shapeshifter) (Depths:2)
  A bunyip simulacrum (Crypt:1)
  A pale draconian zombie (Crypt:2)
  10 yaktaurs
  A red draconian zombie (Crypt:1)
  3 efreet
  15 komodo dragons
  2 tormentors (Abyss:3)
  A rime drake (shapeshifter) (Zig:17)
  4 tengu conjurers
  10 freezing wraiths
  A death yak skeleton (Crypt:1)
  2 ice devils
  An entropy weaver simulacrum (IceCv)
  A merfolk (shapeshifter) (Zig:15)
  3 hellwings
  8 ancient zymes
  4 red devils (Crypt:3)
  2 polar bears
  A polar bear (shapeshifter) (Abyss:1)
  A meliai (shapeshifter) (Elf:3)
  11 trolls
  3 golden dragon simulacra
  24 merfolk
  A harpy zombie (Hell)
  A tengu simulacrum (Zig:11)
  A sphinx simulacrum (Vaults:4)
  3 meliai (D:14)
  5 hornets
  2 tarantellas (Zig:8)
  9 wind drakes
  84 slime creatures
  Grinder (D:5)
  11 blink frogs
  2 harpy skeletons (Crypt:3)
  2 hydra skeletons
  A raiju (shapeshifter) (D:15)
  2 snapping turtles (Shoals:4)
  An alligator zombie (Hell)
  A meliai zombie (Crypt:2)
  15 raiju
  A tyrant leech (shapeshifter) (D:12)
  2 jumping spiders (Zig:8)
  3 dream sheep (Shoals:3)
  7 air elementals
  3 flying skulls (Crypt:2)
  2 culicivoras (Zig:8)
  23 starcursed masses
  13 small abominations
  2 centaur simulacra
  A dire elephant simulacrum (IceCv)
  5 shadows
  5 vampires
  26 water elementals
  An ettin skeleton (Hell)
  60 yaks
  A jumping spider (shapeshifter) (Abyss:3)
  3 ynoxinuls
  11 wraiths
  5 wyverns
  9 fire elementals
  4 redbacks
  A golden eye (Zig:18)
  A yak (shapeshifter) (D:13)
  Menkaure (D:3)
  2 steam dragons
  8 basilisks
  7 vampire mosquitoes
  8 neqoxecs
  5 chaos spawn
  A naga zombie (Crypt:2)
  A harpy simulacrum (Crypt:1)
  48 nagas
  2 hydra simulacra (IceCv)
  11 wargs
  19 water moccasins
  2 acid dragons
  A floating eye (Zig:12)
  32 orc warriors
  A sky beast (D:5)
  11 hell hounds
  2 elephant zombies (Lair:5)
  2 alligator simulacra
  4 ettin simulacra (IceCv)
  3 necrophages
  11 boggarts
  16 wolves
  22 ogres
  A dream sheep skeleton (Crypt:1)
  A snapping turtle skeleton (Crypt:1)
  21 centaurs
  2 lemures (D:4)
  A phantom (D:4)
  A kobold brigand (D:9)
  A komodo dragon zombie (Lair:5)
  4 human zombies (Vaults:1)
  A draconian zombie (Crypt:1)
  A gnoll sergeant (D:13)
  6 bullfrogs
  3 earth elementals
  A deep troll simulacrum (IceCv)
  3 scorpions
  A wyvern skeleton (D:6)
  A wyvern zombie (D:7)
  A water moccasin skeleton (D:7)
  7 killer bees (D:9)
  9 wights
  20 electric eels
  5 howler monkeys
  A crimson imp (Abyss:3)
  2 quasits (Abyss:2)
  A wolf skeleton (Crypt:2)
  5 centaur zombies
  23 orc priests
  3 centaur skeletons
  3 hounds
  An iron imp (Abyss:2)
  A bullfrog skeleton (D:6)
  An iguana (D:6)
  25 orc wizards
  A scorpion zombie (D:4)
  21 hell rats
  A hound zombie (D:4)
  A howler monkey zombie (Crypt:2)
  6 gnolls
  2 howler monkey skeletons (D:7)
  12 adders
  A river rat (Lair:1)
  2 shadow imps (D:5)
  4 white imps
  3 ufetubi
  3 adder skeletons
  2 worms (D:4)
  4 dart slugs
  67 orcs
  3 ball pythons (D:1)
  11 endoplasms
  A giant cockroach (D:1)
  11 goblins
  8 hobgoblins
  7 jackals
  4 quokkas
  7 bats
  2 frilled lizards
  33 kobolds
  A kobold skeleton (Crypt:2)
  A quokka skeleton (Crypt:2)
  10 rats
  3 starspawn tentacles
2571 creatures vanquished.

Vanquished Creatures (others)
  A storm dragon (Depths:4)
  A draconian (Abyss:3)
  A vampire (D:12)
  An orc warrior (Orc:2)
  A hell rat (Hell)
  2 bushes
  351 foxfires
  12 fungi
  140 plants
  6 starspawn tentacles
  4 tentacles (Shoals:3)
  19 withered plants
539 creatures vanquished.

Grand Total: 3110 creatures vanquished

Notes
Turn   | Place    | Note
-------+----------+-------------------------------------------
     0 | D:1      | freelancePsychic the Merfolk Fire Elementalist began the
                  | quest for the Orb.
     0 | D:1      | Reached XP level 1. HP: 13/13 MP: 3/3
   188 | D:1      | Reached skill level 1 in Fighting
   263 | D:1      | Reached XP level 2. HP: 21/21 MP: 1/5
   343 | D:1      | Found a faded altar of an unknown god.
   352 | D:1      | Prayed at the altar of an unknown god.
   352 | D:1      | Became a worshipper of Sif Muna the Loreminder
   352 | D:1      | Reached * piety under Sif Muna
   929 | D:1      | Reached skill level 1 in Invocations
   929 | D:1      | Reached XP level 3. HP: 23/26 MP: 0/6
  1693 | D:1      | Learned a level 2 spell: Scorch
  1966 | D:2      | Reached ** piety under Sif Muna
  2219 | D:2      | Reached XP level 4. HP: 28/32 MP: 3/8
  2240 | D:2      | Learned a level 2 spell: Poisonous Vapours
  2369 | D:2      | Found a burning altar of Makhleb.
  2815 | D:3      | Found a transporter.
  2872 | D:3      | Found a bloodstained altar of Trog.
  2908 | D:3      | Noticed a gnoll sergeant
  2916 | D:3      | Reached skill level 1 in Poison Magic
  2940 | D:3      | Noticed Barbarella's ghost (weakling MiBe)
  3038 | D:3      | Found a broken altar of Ashenzari.
  3131 | D:3      | Found a transporter.
  3314 | D:3      | Reached XP level 5. HP: 26/37 MP: 0/9
  3467 | D:3      | Found a glowing silver altar of Zin.
  3691 | D:4      | Noticed Menkaure
  3735 | D:3      | Killed Menkaure
  3736 | D:3      | Reached XP level 6. HP: 12/43 MP: 0/10
  4332 | D:4      | Found a shadowy altar of Dithmenos.
  4974 | D:4      | Found an ornate altar of the Wu Jian Council.
  5119 | D:3      | Reached *** piety under Sif Muna
  5279 | D:4      | Reached XP level 7. HP: 48/48 MP: 2/11
  5382 | D:4      | Reached skill level 5 in Invocations
  5545 | D:4      | Found a blossoming altar of Fedhas.
  5634 | D:5      | Entered Level 5 of the Dungeon
  5730 | D:4      | Reached skill level 5 in Poison Magic
  6628 | D:5      | Noticed Grinder
  6981 | D:5      | Noticed Pikel
  7018 | D:3      | Killed Pikel
  7019 | D:3      | Reached XP level 8. HP: 40/54 MP: 0/13
  7177 | D:5      | Found a staircase to the Ecumenical Temple.
  7335 | D:5      | Killed Grinder
  7626 | D:5      | Reached XP level 9. HP: 59/59 MP: 8/15
  7669 | D:5      | Learned a level 4 spell: Olgreb's Toxic Radiance
  8252 | D:6      | Noticed Dowan
  8254 | D:6      | Noticed Duvessa
  9404 | D:6      | Noticed Maggie
 10150 | D:6      | Found a runed translucent door.
 10437 | D:7      | Found a flagged portal.
 10655 | Bailey   | Entered a bailey
 10706 | Bailey   | Reached **** piety under Sif Muna
 10720 | Bailey   | Reached skill level 1 in Transmutations
 10900 | Bailey   | Noticed an orc knight
 10928 | Bailey   | Killed an orc knight
 10929 | Bailey   | Reached skill level 5 in Fighting
 10929 | Bailey   | Reached XP level 10. HP: 74/74 MP: 11/17
 11773 | D:7      | Killed an unseen horror
 12085 | D:7      | Learned a level 6 spell: Eringya's Noxious Bog
 12539 | D:7      | Found a snail-covered altar of Cheibriados.
 12664 | D:7      | Reached skill level 5 in Stealth
 13060 | D:8      | You fall into a shaft and drop 2 floors!
 13060 | D:10     | Entered Level 10 of the Dungeon
 13803 | D:10     | Reached skill level 5 in Transmutations
 14050 | D:10     | Learned a level 3 spell: Ignite Poison
 14651 | D:8      | Reached XP level 11. HP: 55/84 MP: 3/18
 14654 | D:8      | Reached skill level 10 in Poison Magic
 15472 | D:10     | Found a basalt altar of Yredelemnul.
 15481 | D:10     | Noticed a soul eater
 15558 | D:10     | Noticed a two-headed ogre
 15565 | D:10     | Killed a two-headed ogre
 15654 | D:10     | Noticed Sonja
 15658 | D:10     | Killed Sonja
 16148 | D:11     | Noticed a manticore
 16156 | D:11     | Killed a manticore
 16243 | D:11     | Found a staircase to the Lair.
 16477 | D:11     | Noticed a manticore
 16485 | D:11     | Killed a manticore
 16784 | D:12     | Noticed a seven-headed hydra
 16908 | D:11     | Noticed a two-headed ogre
 16908 | D:11     | Noticed a two-headed ogre
 16909 | D:11     | Noticed an ogre mage
 16909 | D:11     | Noticed a two-headed ogre
 16913 | D:11     | Killed an ogre mage
 16914 | D:11     | Reached skill level 10 in Transmutations
 16914 | D:11     | Killed a two-headed ogre
 16914 | D:11     | Killed a two-headed ogre
 16915 | D:11     | Reached XP level 12. HP: 95/95 MP: 7/19
 16916 | D:11     | Killed a two-headed ogre
 16918 | D:11     | Noticed a two-headed ogre
 16936 | D:11     | Killed a two-headed ogre
 17131 | D:12     | Killed a seven-headed hydra
 17367 | D:12     | Noticed a two-headed ogre
 17516 | Lair:1   | Entered Level 1 of the Lair of Beasts
 17923 | Lair:1   | Reached skill level 5 in Spellcasting
 19055 | Lair:2   | Reached skill level 5 in Dodging
 19382 | Lair:2   | Noticed a catoblepas
 19387 | Lair:2   | Killed a catoblepas
 20086 | Lair:3   | Noticed a five-headed hydra
 20091 | Lair:3   | Killed a five-headed hydra
 20092 | Lair:3   | Reached XP level 13. HP: 101/101 MP: 13/22
 20265 | Lair:3   | Reached skill level 15 in Transmutations
 20526 | Lair:3   | Reached ***** piety under Sif Muna
 20776 | Lair:3   | Found a staircase to the Snake Pit.
 21859 | Lair:4   | Found a transporter.
 21883 | Lair:4   | Found a transporter.
 21981 | Lair:4   | Noticed Murgh's ghost (journeyman MiBe)
 22044 | Lair:4   | Found a staircase to the Shoals.
 22696 | Lair:4   | Received a gift from Sif Muna
 22697 | Lair:4   | Got Sif Muna's Catalogue of Battle Magic and Sinister
                  | Rituals {god gift}
 23734 | Lair:5   | Reached skill level 10 in Dodging
 23735 | Lair:5   | Found an opulent altar of Gozag.
 24265 | Lair:5   | Reached XP level 14. HP: 92/108 MP: 16/26
 24268 | Lair:5   | Found a staircase to the Slime Pits.
 24508 | Lair:6   | Entered Level 6 of the Lair of Beasts
 25456 | Lair:6   | Noticed a dire elephant
 25457 | Lair:6   | Noticed a dire elephant
 25749 | D:12     | Found a staircase to the Orcish Mines.
 25764 | D:12     | Reached skill level 1 in Shields
 27050 | D:12     | Noticed Maurice
 27073 | D:12     | Killed Maurice
 27603 | Orc:1    | Entered Level 1 of the Orcish Mines
 27603 | Orc:1    | Noticed Snorg
 27610 | Orc:1    | Killed Snorg
 27611 | Orc:1    | Reached skill level 10 in Spellcasting
 27620 | Orc:1    | Received a gift from Sif Muna
 27633 | Orc:1    | Learned a level 7 spell: Dragon Form
 27724 | Orc:1    | Paralysed by an orc sorcerer for 5 turns
 27903 | Orc:1    | Reached skill level 10 in Fighting
 28205 | Orc:2    | Entered Level 2 of the Orcish Mines
 28210 | Orc:2    | Reached skill level 1 in Unarmed Combat
 28214 | Orc:2    | Noticed Azrael
 28547 | D:12     | Learned a level 5 spell: Alistair's Intoxication
 28685 | D:11     | Learned a level 5 spell: Irradiate
 28697 | D:12     | Reached XP level 15. HP: 117/117 MP: 19/29
 29318 | D:13     | Found a runed translucent gate.
 29318 | D:13     | Found a runed translucent gate.
 29318 | D:13     | Found an opulent altar of Gozag.
 29319 | D:13     | Found a runed translucent gate.
 29321 | D:13     | Found Lonasm's Assorted Antiques.
 29321 | D:13     | Noticed Vext's ghost (journeyman SpEn)
 29326 | D:13     | Found Fiynaycu's Assorted Antiques.
 29672 | D:13     | Reached skill level 5 in Unarmed Combat
 29760 | D:13     | Found a gate to the Vaults.
 30130 | D:13     | Found Jyiravua's Distillery.
 30133 | D:13     | Bought a potion of haste for 110 gold pieces
 30133 | D:13     | Bought a potion of heal wounds for 55 gold pieces
 30133 | D:13     | Bought a potion of might for 44 gold pieces
 30338 | D:13     | Killed Vext's ghost
 30481 | D:13     | Bought a scroll labelled GELATA VOTOTT for 26 gold pieces
 30481 | D:13     | Bought 3 scrolls labelled ACI DAATHYUMI for 78 gold pieces
 30481 | D:13     | Bought a scroll labelled EKHLA ENUCZEAL for 26 gold pieces
 30485 | D:13     | Bought 3 scrolls labelled ABEUCKA JAVACI for 99 gold pieces
 30485 | D:13     | Bought a scroll labelled ZULLAA ME RUJ for 33 gold pieces
 30485 | D:13     | Bought an iron ring for 165 gold pieces
 30487 | D:13     | Bought a blackened copper ring for 165 gold pieces
 30789 | D:14     | Found an iron altar of Okawaru.
 32025 | D:14     | Identified Roxanne's Compendium of Moulding
 32025 | D:14     | Noticed Roxanne
 32143 | D:14     | Found the +3 Elemental Staff {rElec rF++ rC++ AC+5}
 32408 | D:14     | Received a gift from Sif Muna
 32409 | D:14     | Got Sif Muna's Tome of Lightness {god gift}
 32643 | D:14     | Found a shimmering blue altar of Sif Muna.
 32879 | D:15     | Entered Level 15 of the Dungeon
 33626 | D:15     | Reached XP level 16. HP: 129/131 MP: 21/30
 33823 | D:15     | Cast into level 2 of the Abyss (a wizard)
 34147 | Abyss:2  | Found a corrupted altar of Lugonu.
 34295 | Abyss:2  | Noticed a revenant
 34639 | D:15     | Escaped the Abyss
 34844 | D:15     | Found a staircase to the Depths.
 34946 | D:15     | Reached skill level 10 in Unarmed Combat
 35367 | Orc:2    | Killed Azrael
 36433 | Orc:2    | Found a staircase to the Elven Halls.
 36708 | Orc:2    | Found Tuky's Antique Armour Shop.
 36708 | Orc:2    | Found Renulip's Assorted Antiques.
 36710 | Orc:2    | Found Taorghamn's Antique Armour Boutique.
 36714 | Orc:2    | Found Pafrec's General Store.
 36720 | Orc:2    | Bought a scroll of blinking for 90 gold pieces
 36720 | Orc:2    | Bought a potion of brilliance for 48 gold pieces
 36720 | Orc:2    | Bought a +0 ring mail for 48 gold pieces
 36720 | Orc:2    | Bought a scroll of identify for 24 gold pieces
 36720 | Orc:2    | Bought a potion of resistance for 120 gold pieces
 36733 | Orc:2    | Bought a polished ring mail for 243 gold pieces
 36733 | Orc:2    | Identified the +0 ring mail of Infinity {rC+ Str+3 Int+2}
                  | (You bought it in a shop on level 2 of the Orcish Mines)
 36736 | Orc:2    | Bought a glowing coppery potion for 29 gold pieces
 36736 | Orc:2    | Bought a fizzy amethyst potion for 29 gold pieces
 36736 | Orc:2    | Bought 2 glowing coppery potions for 59 gold pieces
 36737 | Orc:2    | Bought a shiny helmet for 240 gold pieces
 37164 | Snake:1  | Entered Level 1 of the Snake Pit
 37223 | Snake:1  | Reached skill level 1 in Translocations
 37229 | Snake:1  | Reached skill level 1 in Conjurations
 37387 | Snake:1  | Received a gift from Sif Muna
 37388 | Snake:1  | Got Sif Muna's Guide on Malediction and Calling {god gift}
 39357 | Snake:2  | Reached skill level 15 in Fighting
 39796 | Snake:2  | Found Extam's Weapon Shop.
 39800 | Snake:2  | Found Pimmicuph's Antique Armour Boutique.
 39800 | Snake:2  | Found Vethrauma's General Store.
 39805 | Snake:2  | Found Seopp's Jewellery Boutique.
 39840 | Snake:2  | Bought the +4 robe of Folly {Brilliance Will-∞ Int+8} for
                  | 801 gold pieces
 39840 | Snake:2  | Found the +4 robe of Folly {Brilliance Will-∞ Int+8}
 39871 | Snake:2  | Learned a level 5 spell: Manifold Assault
 40034 | Snake:2  | Reached XP level 17. HP: 142/142 MP: 27/32
 40320 | Snake:2  | Reached skill level 5 in Translocations
 40362 | Snake:2  | Learned a level 5 spell: Blade Hands
 41759 | Snake:3  | Received a gift from Sif Muna
 41760 | Snake:3  | Got Gulyij's Almanac of the Compass {god gift}
 41932 | Snake:3  | Found Nutsioro's Distillery.
 41937 | Snake:3  | Found Siergh's Weapon Shop.
 41943 | Snake:3  | Bought a potion of haste for 200 gold pieces
 42790 | Snake:4  | Entered Level 4 of the Snake Pit
 42817 | Snake:4  | Found a frozen archway.
 42874 | IceCv    | Entered an ice cave
 43593 | IceCv    | Noticed an Ice Fiend
 43596 | IceCv    | Killed an Ice Fiend
 44179 | Snake:4  | Found Rayneaq's Antique Armour Shop.
 44183 | Snake:4  | Bought a pair of runed boots for 210 gold pieces
 45315 | Snake:4  | Noticed Louise
 45329 | Snake:4  | Reached XP level 18. HP: 149/149 MP: 4/34
 45330 | Snake:4  | Killed Louise
 45860 | Snake:4  | Reached skill level 10 in Translocations
 46303 | Snake:4  | Received a gift from Sif Muna
 46304 | Snake:4  | Got Sif Muna's Incunabulum of Attacks {god gift}
 47033 | Snake:4  | Gained mutation: Your body sometimes deteriorates upon
                  | taking damage. [mutagenic glow]
 47258 | Snake:4  | Lost mutation: Your body sometimes deteriorates upon taking
                  | damage. [potion of mutation]
 47258 | Snake:4  | Gained mutation: You are agile. (Dex +2) [potion of
                  | mutation]
 47258 | Snake:4  | Gained mutation: You are frail. (-10% HP) [potion of
                  | mutation]
 47258 | Snake:4  | Gained mutation: You occasionally shout uncontrollably at
                  | your foes. [potion of mutation]
 47258 | Snake:4  | Gained mutation: Your flesh is heat resistant. (rF+)
                  | [potion of mutation]
 47259 | Snake:4  | Lost mutation: You are agile. (Dex +2) [potion of mutation]
 47259 | Snake:4  | Lost mutation: Your flesh is heat resistant. (rF+) [potion
                  | of mutation]
 47259 | Snake:4  | Gained mutation: Your flesh is heat resistant. (rF+)
                  | [potion of mutation]
 47259 | Snake:4  | Gained mutation: You are somewhat resistant to further
                  | mutation. [potion of mutation]
 47259 | Snake:4  | Gained mutation: You are dopey. (Int -2) [potion of
                  | mutation]
 47260 | Snake:4  | Lost mutation: You are dopey. (Int -2) [potion of mutation]
 47260 | Snake:4  | Lost mutation: You occasionally shout uncontrollably at
                  | your foes. [potion of mutation]
 47260 | Snake:4  | Gained mutation: Your muscles are strong. (Str +2) [potion
                  | of mutation]
 47261 | Snake:4  | Lost mutation: Your muscles are strong. (Str +2) [potion of
                  | mutation]
 47261 | Snake:4  | Lost mutation: Your flesh is heat resistant. (rF+) [potion
                  | of mutation]
 47261 | Snake:4  | Gained mutation: You are partially covered in large bone
                  | plates. (SH +4) [potion of mutation]
 47262 | Snake:4  | Lost mutation: You are frail. (-10% HP) [potion of
                  | mutation]
 47262 | Snake:4  | Lost mutation: You are partially covered in large bone
                  | plates. (SH +4) [potion of mutation]
 47262 | Snake:4  | Gained mutation: You are partially covered in iridescent
                  | scales. (AC +2) [potion of mutation]
 47879 | Snake:4  | Got a serpentine rune of Zot
 48163 | Elf:1    | Entered Level 1 of the Elven Halls
 48165 | Elf:1    | Paralysed by an air elemental for 1 turns
 48929 | Elf:1    | Paralysed by an air elemental for 1 turns
 49092 | Elf:1    | Received a gift from Sif Muna
 49693 | Elf:1    | Reached XP level 19. HP: 155/155 MP: 27/35
 49806 | Elf:2    | Paralysed by an air elemental for 1 turns
 49812 | Elf:2    | Paralysed by an air elemental for 1 turns
 49818 | Elf:2    | Paralysed by an air elemental for 1 turns
 50691 | Elf:2    | Found a runed translucent gate.
 50692 | Elf:2    | Found a runed translucent gate.
 50692 | Elf:2    | Found a runed translucent gate.
 50938 | Elf:3    | Entered Level 3 of the Elven Halls
 51303 | Elf:3    | Found Qawkofici's General Store.
 51427 | Elf:3    | Bought a scroll of magic mapping for 70 gold pieces
 51492 | Elf:3    | Cast into level 2 of the Abyss (a deep elf sorcerer)
 51915 | Abyss:2  | Noticed a bone dragon
 52073 | Elf:3    | Escaped the Abyss
 52105 | Elf:3    | Received a gift from Sif Muna
 52334 | Elf:3    | Found the +3 Mad Mage's Maulers {Infuse+∞ RegenMP Int-3}
 52340 | Elf:3    | Identified the ring "Myugred" {Drain Str+3 Int+3 Dex+2
                  | Slay+4}
 52343 | Elf:3    | Identified the amulet "Paanoy" {Spirit Regen+ Str+4}
 52358 | Elf:3    | Identified the amulet of Xauffu {Reflect rElec Int+3 SH+5}
 52361 | Elf:3    | Identified the ring of Faxta {rF+ Will+ AC+4 Str+5}
 52374 | Elf:3    | Learned a level 7 spell: Storm Form
 52404 | Elf:3    | Identified the +9 great sword of Jodolej {flame, Str+2}
 52450 | Elf:3    | Reached skill level 1 in Air Magic
 52518 | Elf:3    | Identified the +11 dagger "Keaghil" {drain, rN+ Will-
                  | Dex+5}
 53289 | Shoals:1 | Entered Level 1 of the Shoals
 54083 | Shoals:1 | Found Bixuoqesi's Armour Shop.
 54359 | Shoals:1 | Found a stormy altar of Qazlal.
 54620 | Shoals:2 | Received a gift from Sif Muna
 54621 | Shoals:2 | Got Sif Muna's Handbook of Moulding {god gift}
 55513 | Shoals:3 | Reached XP level 20. HP: 164/164 MP: 0/37
 55881 | Shoals:4 | Entered Level 4 of the Shoals
 56784 | Shoals:4 | Received a gift from Sif Muna
 57033 | Shoals:4 | Reached skill level 15 in Dodging
 57054 | Shoals:4 | Identified the amulet "Apsiviri" {Spirit Will++ Str+4}
 58031 | Shoals:4 | Got a barnacled rune of Zot
 58207 | Vaults:1 | Entered Level 1 of the Vaults
 58303 | Vaults:1 | Received a gift from Sif Muna
 58304 | Vaults:1 | Got Sif Muna's Incunabulum of Transformation and the Escort
                  | {god gift}
 59016 | Vaults:1 | Reached skill level 15 in Translocations
 59902 | Vaults:1 | Reached XP level 21. HP: 173/173 MP: 11/38
 61394 | Vaults:2 | Reached skill level 5 in Air Magic
 62111 | Vaults:2 | Found a staircase to the Crypt.
 62324 | Vaults:3 | Received a gift from Sif Muna
 62682 | Vaults:3 | Found a runed translucent gate.
 62689 | Vaults:3 | Found a runed translucent gate.
 62790 | Vaults:3 | Found a runed translucent gate.
 62812 | Vaults:3 | Noticed theMacoje's ghost (adept OgAM)
 62815 | Vaults:3 | Found a viscous altar of Jiyva.
 63203 | Vaults:3 | Noticed Saint Roka
 63219 | Vaults:3 | Killed Saint Roka
 64428 | Vaults:4 | Received a gift from Sif Muna
 64676 | Vaults:4 | Noticed Jory
 64692 | Vaults:4 | Killed Jory
 64913 | Vaults:4 | Noticed Bai Suzhen
 64917 | Vaults:4 | Killed Bai Suzhen
 65219 | Vaults:4 | Found a transporter.
 65220 | Vaults:4 | Noticed oldriver's ghost (veteran GrEE)
 65221 | Vaults:4 | Identified the +6 great mace of Exchange {elec, rElec rPois
                  | Str+6 Dex+4}
 65599 | Depths:1 | Entered Level 1 of the Depths
 65618 | Depths:1 | Found Kaneunel's Distillery.
 65717 | Depths:1 | Bought a potion of heal wounds for 90 gold pieces
 65788 | Depths:1 | Found a gateway to Hell.
 65985 | Depths:1 | Found a one-way gate leading to the halls of Pandemonium.
 66018 | Depths:1 | Noticed Sojobo
 66029 | Depths:1 | Killed Sojobo
 66030 | Depths:1 | Reached XP level 22. HP: 115/181 MP: 7/40
 66556 | Depths:1 | Found Peell's Jewellery Boutique.
 66557 | Depths:1 | Found Ucvir's Book Emporium.
 66558 | Depths:1 | Found Luepax's Jewellery Boutique.
 66582 | Depths:1 | Bought a manual of Transmutations for 1200 gold pieces
 66617 | Depths:1 | Identified the +5 pair of gloves of Infinity {Harm rCorr
                  | Str+7 Dex-4}
 66656 | Depths:1 | Found a one-way gateway to a ziggurat.
 66744 | Depths:1 | Found a one-way gate to the infinite horrors of the Abyss.
 66987 | Depths:1 | Voluntarily entered the Abyss.
 66999 | Abyss:1  | Noticed a profane servitor
 67017 | Abyss:1  | Killed a profane servitor
 67580 | Abyss:3  | Found a corrupted altar of Lugonu.
 67718 | Abyss:3  | Found a corrupted altar of Lugonu.
 67736 | Abyss:3  | Paralysed by you for 7 turns
 67815 | Abyss:3  | Found a transporter.
 67900 | Abyss:3  | Noticed a profane servitor
 67907 | Abyss:3  | Killed a profane servitor
 67917 | Abyss:3  | Found a transporter.
 67922 | Abyss:3  | Reached XP level 23. HP: 177/177 MP: 19/41
 67922 | Abyss:3  | Reached XP level 24. HP: 184/184 MP: 19/41
 67922 | Abyss:3  | Got an abyssal rune of Zot
 67945 | Depths:1 | Escaped the Abyss
 68188 | Depths:2 | Found Esashrodi's Magic Scroll Shoppe.
 68188 | Depths:2 | Noticed a caustic shrike
 68195 | Depths:2 | Killed a caustic shrike
 68208 | Depths:2 | Noticed a caustic shrike
 68209 | Depths:2 | Noticed a caustic shrike
 68211 | Depths:2 | Killed a caustic shrike
 68220 | Depths:2 | Noticed a caustic shrike
 68227 | Depths:2 | Killed a caustic shrike
 68228 | Depths:2 | Killed a caustic shrike
 68482 | Depths:2 | Noticed a juggernaut
 68486 | Depths:2 | Identified the +5 hand axe "Qijouschi" {holy, rN+ rCorr}
 68492 | Depths:2 | Killed a juggernaut
 68808 | Depths:2 | Bought a scroll of blinking for 157 gold pieces
 68838 | Depths:2 | Identified the +3 ring mail of Past Mistakes {*Corrode
                  | Int+4 Dex+8 SInv}
 69184 | Depths:2 | Reached skill level 15 in Spellcasting
 69184 | Depths:2 | Found a hazy altar of Hepliaklqana.
 69718 | Slime:1  | Entered Level 1 of the Pits of Slime
 70848 | Slime:3  | Received a gift from Sif Muna
 70852 | Slime:3  | Got Sif Muna's Reference Book on Unstable Cold {god gift}
 71787 | Slime:5  | Entered Level 5 of the Pits of Slime
 71945 | Slime:5  | Reached skill level 15 in Unarmed Combat
 71946 | Slime:5  | Noticed the Royal Jelly
 72012 | Slime:5  | Killed the Royal Jelly
 72243 | Slime:4  | Reached XP level 25. HP: 173/205 MP: 40/42
 72307 | Slime:5  | Reached skill level 10 in Invocations
 72380 | Slime:5  | Found the +8 glaive of the Guard {elec, spectral, AC+5}
 72394 | Slime:5  | Got the Compendium of Translocation and the Volcanoes
 72400 | Slime:5  | Got the Handbook of Causality
 72410 | Slime:5  | Identified the ring of Suicidal Tendencies {rN+ Will+ Str+5
                  | Int-4}
 72440 | Slime:5  | Got a slimy rune of Zot
 72448 | Slime:5  | Identified the +1 rapier of Prescription {vorpal, *Rage
                  | *Noise rPois rCorr}
 72873 | Depths:3 | Reached skill level 1 in Necromancy
 74132 | Depths:4 | Entered Level 4 of the Depths
 74198 | Depths:4 | Noticed a juggernaut
 74206 | Depths:4 | Killed a juggernaut
 74640 | Depths:4 | Found Hurphal's General Store.
 74643 | Depths:4 | Found Pint's Specific Store.
 74976 | Depths:4 | Found a corrupted altar of Lugonu.
 75191 | Depths:4 | Found a gate to the Realm of Zot.
 75193 | Depths:4 | Received a gift from Sif Muna
 75194 | Depths:4 | Got Coinnu Dize's Guide on Envenoming and the Oath {god
                  | gift}
 75205 | Depths:4 | Learned a level 8 spell: Necromutation
 75326 | Hell     | Entered the Vestibule of Hell
 75326 | Hell     | Noticed Geryon
 75341 | Hell     | Reached skill level 1 in Ice Magic
 75481 | Hell     | Reached skill level 5 in Necromancy
 75583 | Depths:4 | Reached skill level 2 in Ice Magic
 75787 | Hell     | Reached skill level 3 in Ice Magic
 75952 | Hell     | Killed Geryon
 76114 | Hell     | Found a gateway to the ashen valley of Gehenna.
 76269 | Hell     | Reached skill level 4 in Ice Magic
 76390 | Hell     | Reached XP level 26. HP: 215/215 MP: 24/42
 76734 | Hell     | Found a gateway to the Iron City of Dis.
 76790 | Hell     | Reached skill level 5 in Ice Magic
 76795 | Hell     | Found a gateway to the freezing wastes of Cocytus.
 77014 | Hell     | Found a gateway to the decaying netherworld of Tartarus.
 77623 | Crypt:1  | Entered Level 1 of the Crypt
 77643 | Crypt:1  | Noticed Xtahua
 77702 | Vaults:2 | Killed Xtahua
 77703 | Vaults:2 | Reached skill level 6 in Ice Magic
 77704 | Vaults:2 | Received a gift from Sif Muna
 77713 | Vaults:2 | Got Sif Muna's Incunabulum of Weightlessness and Ice {god
                  | gift}
 78124 | Crypt:1  | Found a transporter.
 78374 | Crypt:1  | Found a transporter.
 78418 | Crypt:1  | Reached skill level 7 in Ice Magic
 79311 | Crypt:3  | Entered Level 3 of the Crypt
 79367 | Crypt:3  | Reached skill level 8 in Ice Magic
 79411 | Crypt:3  | Received a gift from Sif Muna
 79737 | Crypt:3  | Noticed Boris
 79753 | Crypt:3  | Cast into level 2 of the Abyss (vampire knight)
 79822 | Crypt:3  | Escaped the Abyss
 79827 | Crypt:3  | Killed Boris
 79880 | Crypt:3  | Identified the +10 hunting sling of the Elven Halls {speed,
                  | rN+ Int+2 Stlth-}
 79966 | Crypt:3  | Noticed Mara
 79966 | Crypt:3  | Found the +13 scythe of Curses {drain, Drain}
 79979 | Crypt:3  | Noticed freelancePsychic's illusion
 79982 | Crypt:3  | Killed Mara
 79983 | Crypt:3  | Reached skill level 9 in Ice Magic
 80398 | Crypt:3  | Found a staircase to the Tomb.
 80431 | Crypt:3  | Noticed an ancient lich
 80442 | Crypt:3  | Killed an ancient lich
 80606 | Crypt:3  | Received a gift from Sif Muna
 80617 | Crypt:3  | Got Donlank's Handbook of Darkness {god gift}
 80896 | Crypt:3  | Identified the +5 plate armour of Gaiplo {rC+ Str+2}
 81309 | Zot:1    | Entered Level 1 of the Realm of Zot
 81337 | Zot:1    | Noticed an orb of fire
 81346 | Zot:1    | Reached skill level 10 in Ice Magic
 81351 | Zot:1    | Killed an orb of fire
 81352 | Zot:1    | Reached XP level 27. HP: 171/222 MP: 44/44
 81401 | Depths:4 | Learned a level 7 spell: Ozocubu's Refrigeration
 82664 | Zot:2    | Reached skill level 11 in Ice Magic
 83296 | Zig:1    | Entered Level 1 of a ziggurat
 83312 | Zig:2    | Entered Level 2 of a ziggurat
 83326 | Zig:2    | Identified the +8 chain mail of Sijer {rCorr Str-4 Stlth+}
 83333 | Zig:3    | Entered Level 3 of a ziggurat
 83440 | Zig:4    | Entered Level 4 of a ziggurat
 83506 | Zig:5    | Entered Level 5 of a ziggurat
 83511 | Zig:5    | Noticed an ancient lich
 83513 | Zig:5    | Killed an ancient lich
 83608 | Zig:6    | Entered Level 6 of a ziggurat
 83616 | Zig:6    | Reached skill level 12 in Ice Magic
 83758 | Zig:6    | Identified the +3 ring mail of the Catamount {-Tele rPois
                  | Dex+8}
 83767 | Zig:7    | Entered Level 7 of a ziggurat
 83785 | Zig:7    | Identified the +3 fire dragon scales of Ajakket {-Cast
                  | +Blink Fly rF++ rC- Dex+5}
 83795 | Zig:8    | Entered Level 8 of a ziggurat
 83838 | Zig:8    | Received a gift from Sif Muna
 83940 | Zig:9    | Entered Level 9 of a ziggurat
 83956 | Zig:9    | Reached skill level 13 in Ice Magic
 83960 | Zig:9    | Identified the +3 scale mail of Cualeph {rC+ rCorr Dex+4
                  | Slay+2}
 83969 | Zig:9    | Got the Tome of Evil Calling
 84160 | Zig:10   | Entered Level 10 of a ziggurat
 84366 | Zig:11   | Entered Level 11 of a ziggurat
 84382 | Zig:11   | Reached skill level 14 in Ice Magic
 84385 | Zig:11   | Received a gift from Sif Muna
 84679 | Zig:11   | Identified the ring of Weucvek {rC+ rN+ Stlth+}
 84699 | Zig:12   | Entered Level 12 of a ziggurat
 84713 | Zig:12   | Reached skill level 15 in Ice Magic
 84923 | Zig:13   | Entered Level 13 of a ziggurat
 84944 | Zig:13   | Reached skill level 16 in Ice Magic
 85051 | Zig:14   | Entered Level 14 of a ziggurat
 85072 | Zig:14   | Reached skill level 17 in Ice Magic
 85328 | Zig:14   | Learned a level 9 spell: Polar Vortex
 85331 | Zig:15   | Entered Level 15 of a ziggurat
 85348 | Zig:15   | Received a gift from Sif Muna
 85349 | Zig:15   | Reached ****** piety under Sif Muna
 85356 | Zig:15   | Reached skill level 18 in Ice Magic
 85360 | Zig:15   | Got Sif Muna's Catalogue of Arcane Weapons {god gift}
 85383 | Zig:15   | Identified the ring "Buezap" {Fly Dex+4}
 85524 | Zig:15   | Reached skill level 19 in Ice Magic
 85525 | Zig:15   | Reached skill level 20 in Ice Magic
 85527 | Zig:15   | Reached skill level 21 in Ice Magic
 85528 | Zig:15   | Reached skill level 22 in Ice Magic
 85533 | Zig:16   | Entered Level 16 of a ziggurat
 85562 | Zig:16   | Noticed a juggernaut
 85567 | Zig:16   | Killed a juggernaut
 85568 | Zig:16   | Noticed a juggernaut
 85569 | Zig:16   | Noticed a juggernaut
 85569 | Zig:16   | Noticed a juggernaut
 85573 | Zig:16   | Killed a juggernaut
 85573 | Zig:16   | Killed a juggernaut
 85574 | Zig:16   | Killed a juggernaut
 85575 | Zig:16   | Reached skill level 23 in Ice Magic
 85605 | Zig:16   | Identified the +6 arbalest of Alyliw {elec, Contam Int+5}
 85607 | Zig:16   | Identified the +1 leather armour "Duekhuquha" {rPois Str+2
                  | Dex+4}
 85702 | Zig:17   | Entered Level 17 of a ziggurat
 85719 | Zig:17   | Received a gift from Sif Muna
 85728 | Zig:17   | Got Usuw's Almanac of the Entrancing Traveller {god gift}
 85744 | Zig:17   | Identified the ring "Exesesch" {rCorr Str+2}
 85755 | Zig:17   | Identified the +8 broad axe "Ubrueren" {flame, Drain Str+5
                  | Int-3 Dex+3}
 85760 | Zig:18   | Entered Level 18 of a ziggurat
 85776 | Zig:18   | Reached skill level 1 in Earth Magic
 85792 | Zig:18   | Paralysed by accursed screaming for 2 turns
 86019 | Zig:19   | Entered Level 19 of a ziggurat
 86041 | Zig:19   | Reached skill level 5 in Shields
 86047 | Zig:19   | Noticed Plog the pandemonium lord
 86065 | Zig:19   | Slain by a Hell Sentinel

Illustrated notes

Levels and vault maps discovered:
D:1:      eino_arrival_cavern_a, layout_loops_corners,
          chequers_ecumenical_altar_island, minmay_misc_feat_plants
D:2:      layout_basic, basic_altar
D:3:      layout_basic, nicolae_overflow_hidden_temple, evilmike_ruin_ashenzari,
          mainiacjoe_overflow_chevrons, gammafunk_ghost_gnarly_gnolls
D:4:      layout_loops_cross, pdpol_wu_jian_five_deadly_venoms,
          grunt_dithmenos_smoke, fedhas_altar_decomposition, uniq_menkaure
D:5:      layout_rooms, temple_pool_b, uniq_grinder, uniq_pikel
D:6:      nicolae_cairo_tiling_large, layout_basic, tso_oasis_becter,
          ebering_ghost_reflecting_pool, glass_columns_a,
          kb_lookout_dungeons_type, uniq_duvessa, uniq_maggie
D:7:      layout_loops_cross, mainiacjoe_overflow_alcove_1, enter_bailey_5
D:8:      layout_basic, kennysheep_crisscross
D:9:      hangedman_screamer, layout_loops_ring, uniq_prince_ribbit1
D:10:     wad_lake_hut, layout_rooms, yredelemnul_altar_generic, kennysheep_nub,
          uniq_sonja
D:11:     layout_grid_maze, minmay_lair_entry_grove, gauntlet_entry_generic
D:12:     minmay_the_grid_square_5x5_3x3
          [minmay_the_grid_square_5x5_broken_cross,
          minmay_the_grid_square_5x5_six_small, minmay_the_grid_square_5x5_meh,
          minmay_the_grid_square_5x5_almost_minimal,
          minmay_the_grid_square_5x5_megaprize_crossed,
          minmay_the_grid_square_5x5_inset,
          minmay_the_grid_square_5x5_half_checkered,
          minmay_the_grid_square_5x5_minibox,
          minmay_the_grid_square_5x5_sharp_hourglass], layout_rooms,
          uniq_maurice
D:13:     layout_roguey, erik_vaults_1, ebering_ghost_gozag, serial_shops, shop
D:14:     layout_long_grid, lemuel_blue_sif_altar, okawaru_trees_2, uniq_roxanne
D:15:     grunt_enter_depths_magical_seal, layout_irregular_city, moated_statue,
          chequers_serial_rivers_room_b
Lair:1:   layout_gridlike, nicolae_quartered_pool_little,
          kennysheep_abandoned_house
Lair:2:   layout_hall_layers, grunt_megastairs_2
Lair:3:   layout_regular_city, guppyfry_snake_entry_island, fungi_pond_lemuel,
          st_stairs_8, hangedman_lair_unloving_vines,
          chequers_serial_rivers_micro_e
Lair:4:   layout_layer_cave, shoals_dummy_entry,
          gammafunk_ghost_berserking_beasts, grunt_megastairs_5,
          serial_bayou_shore_b, serial_bayou_shore_a
Lair:5:   pond_and_an_island_with_a_cottage, layout_regular_city,
          dpeg_slime_entry_corner, basic_altar
Lair:6:   due_jungle_book, layout_cave_pods, grunt_megastairs_3,
          lemuel_fruit_tree
Shoals:1: layout_shoals, serial_shops, nicolae_shop_window_shopping,
          lemuel_centaur_altar
Shoals:2: layout_shoals, uniq_jorgrun
Shoals:3: layout_shoals
Shoals:4: shoals_end_hellmonk_storm_palace [storm_palace_center_circular,
          storm_palace_corner_narrow, storm_palace_corner_blocked,
          storm_palace_corner_grid, storm_palace_corner_pillars]
Snake:1:  layout_onion, grunt_ministairs_4, nicolae_coiled_stairwell_down,
          grunt_megastairs_4
Snake:2:  layout_gridlike, minmay_shoptagon
Snake:3:  layout_basic, special_room, guppyfry_snake_island, minmay_shop_star,
          grunt_megastairs_1
Snake:4:  snake_pit_salamanders_mu, layout_layer_cave, serial_shops,
          nicolae_shop_behind_doors, portal_ice_cave_entry_ice_statue_two,
          uniq_louise
Slime:1:  layout_caves
Slime:2:  layout_caves
Slime:3:  layout_caves
Slime:4:  layout_caves
Slime:5:  uniq_dissolution
Orc:1:    layout_diamond_mine, uniq_snorg
Orc:2:    st_orc_mages, layout_caves, mines5_lemuel, uniq_azrael
Elf:1:    layout_geoelf_grid, minivault_28, hangedman_elf_power_crystal
Elf:2:    nicolae_elf_blades_crystal_corner, layout_onion_city, drop_trap
Elf:3:    minmay_elf_hall_statues, layout_onion_city, serial_shops, shop
Vaults:1: serial_ice_m, vaults_room_corners, nicolae_vaults_little_ls,
          nicolae_vaults_mini_display_case, nicolae_vaults_alarming,
          hangedman_vaults_maws, hangedman_vaults_slice, vaults_room_pool,
          layout_vaults_omnicross
Vaults:2: v_misc_14, hangedman_vaults_nails, nicolae_vaults_network_star,
          minmay_crypt_entry_nasty_monster, vaults_dpeg_ring, vaults_room_pools,
          ontoclasm_vaults_decontamination, ontoclasm_vaults_chip,
          layout_vaults_chaotic_city
Vaults:3: gammafunk_ghost_ooze, vaults_dpeg_cross, vaults_room_stairs_pillars,
          hangedman_vaults_stitches, nicolae_vaults_circle_grid_a,
          ontoclasm_vaults_ring_small, nicolae_vaults_theta,
          nicolae_vaults_ring_of_whatevers, vaults_room_fours,
          vaults_room_hangedman_quadrants, vaults_dpeg_diagonal,
          v_alt_pattern_2, nicolae_vaults_little_squares_4, layout_vaults_ring,
          uniq_saint_roka, uniq_margery
Vaults:4: gammafunk_ghost_smash, vaults_room_fours,
          nicolae_vaults_hallways_thing, grunt_vaults_hallway_long,
          layout_vaults_omnigrid, uniq_jory, uniq_bai_suzhen
Crypt:1:  gammafunk_its_a_trap, layout_misc_corridors, uniq_xtahua
Crypt:2:  layout_chaotic_city, roderic_lattice_octagonal_star
Crypt:3:  quadcrypt_mu, uniq_mara, uniq_boris
Depths:1: layout_gridlike, enter_ziggurat_a, abyss_entry_crystal,
          corexii_corridor_pit, rand_demon_pan_entry_3, hell_entry,
          kennysheep_cross_room, hangedman_decor_peaks_small,
          kennysheep_windowed_goal, serial_bayou_shore_b, minmay_shop_grove,
          uniq_sojobo
Depths:2: minmay_bad_star, layout_cave_shapes, rand_demon_pan_entry_5,
          serial_shops, shop, hell_entry, grunt_decor_cap,
          nicolae_hepliaklqana_monster_ancestors
Depths:3: hangedman_crystal_crosses_colossus [crystal_crosses_arms_four,
          crystal_crosses_arms_four, crystal_crosses_arms_two,
          crystal_crosses_arms_one], abyss_entry, hell_entry
Depths:4: grunt_zot_entry_gee_three, layout_gridlike, minmay_crystal_room,
          abyss_entry_flame_altar, hell_entry, nicolae_specific_store,
          serial_bayou_shore_b, serial_bayou_shore_b
Hell
Zot:1:    layout_misc_corridors
Zot:2:    layout_misc_corridors
Zig:19

Skill      XL: |  1  2  3  4  5  6  7  8  9 10 11 12 13 14 15 16 17 18 19 20 21 22 23 24 25 26 27 |
---------------+----------------------------------------------------------------------------------+-----
Fighting       | 1 5 7 9 10 13 15 16 17 18 19 | 19.3
Invocations    | 1 2 4 7 8 9 10 | 10.1
Spellcasting   | 3 4 6 8 10 11 12 13 14 15 17 19 | 19.7
Poison Magic   | 1 3 4 7 8 9 10 | 10.3
Stealth        | 4 6 7 |  7.4
Transmutations | 3 6 11 14 16 17 18 20 22 | 22.7
Dodging        | 6 10 12 14 16 17 18 19 | 19.7
Shields        | 2 5 |  5.0
Unarmed Combat | 3 9 11 12 13 15 | 15.1
Translocations | 4 9 13 14 15 | 15.1
Conjurations   | 3 |  3.0
Air Magic      | 2 9 |  9.4
Necromancy     | 5 9 |  9.2
Ice Magic      | 4 10 23 | 23.7
Earth Magic    | 4 |  4.2
Fire Magic     | |  2.1

Action                   |  1- 3 |  4- 6 |  7- 9 | 10-12 | 13-15 | 16-18 | 19-21 | 22-24 | 25-27 || total
-------------------------+-------+-------+-------+-------+-------+-------+-------+-------+-------++-------
Melee: Unarmed           |     2 |    18 |    25 |       |   121 |   595 |  1146 |   638 |  1088 ||  3633
       Spear             |       |       |    25 |    38 |       |       |       |       |       ||    63
       Staff             |       |       |       |    18 |    95 |    67 |    18 |     5 |    40 ||   243
       Punch             |       |       |       |     1 |    10 |    33 |    40 |    34 |   125 ||   243
       Tailslap          |       |       |       |       |    38 |    65 |    70 |    23 |     9 ||   205
       Bite              |       |       |       |       |    25 |    43 |    54 |    19 |     3 ||   144
 Cast: Foxfire           |    88 |    63 |    51 |     3 |       |       |       |       |       ||   205
       Scorch            |     2 |    48 |   112 |    38 |    18 |       |       |       |       ||   218
       Poisonous Vapours |       |     1 |    34 |    11 |       |       |       |       |       ||    46
       Olgreb's Toxic Ra |       |       |    20 |    73 |    42 |     1 |       |       |       ||   136
       Ignite Poison     |       |       |       |    31 |    58 |    12 |     3 |       |       ||   104
       Eringya's Noxious |       |       |       |    19 |    98 |    75 |    10 |       |       ||   202
       Dragon Form       |       |       |       |       |    17 |    56 |    70 |     8 |     2 ||   153
       Irradiate         |       |       |       |       |    22 |    99 |    23 |     7 |    16 ||   167
       Alistair's Intoxi |       |       |       |       |       |     6 |     5 |       |       ||    11
       Death's Door      |       |       |       |       |       |     1 |       |     1 |       ||     2
       Manifold Assault  |       |       |       |       |       |   132 |   388 |   130 |   137 ||   787
       Blade Hands       |       |       |       |       |       |    20 |    10 |       |       ||    30
       Storm Form        |       |       |       |       |       |       |    18 |    23 |    73 ||   114
       Ozocubu's Refrige |       |       |       |       |       |       |       |       |   125 ||   125
       Necromutation     |       |       |       |       |       |       |       |       |    14 ||    14
       Polar Vortex      |       |       |       |       |       |       |       |       |     9 ||     9
Invok: Channel Magic     |       |     1 |     3 |     8 |     4 |     6 |    12 |     5 |     6 ||    45
       Forget Spell      |       |       |       |       |     1 |       |       |       |       ||     1
       Divine Exegesis   |       |       |       |       |       |     1 |       |     1 |       ||     2
 Abil: End Transformatio |       |       |       |       |     2 |    14 |     8 |     5 |    17 ||    46
       Breathe Fire      |       |       |       |       |     1 |     1 |       |       |       ||     2
       Blinkbolt         |       |       |       |       |       |       |     3 |     1 |     4 ||     8
Evoke: Wand              |       |       |       |     3 |     1 |     1 |       |       |       ||     5
  Use: Scroll            |       |       |       |       |       |    25 |     2 |     7 |     3 ||    37
       Potion            |       |       |       |       |       |    10 |     2 |     3 |    10 ||    25
 Stab: Sleeping          |     1 |       |       |       |     2 |     2 |       |       |     8 ||    13
       Distracted        |       |       |       |       |     1 |     1 |     5 |       |     3 ||    10
       Paralysed         |       |       |       |       |       |       |       |     1 |       ||     1
       Invisible         |       |       |       |       |       |       |       |       |     1 ||     1
Armor: Robe              |     1 |     8 |    40 |    29 |       |    71 |    34 |     5 |    95 ||   283
       Steam dragon scal |       |       |       |    27 |    56 |    32 |       |       |       ||   115
       Skin              |       |       |       |       |    57 |   185 |   206 |   150 |   188 ||   786
Dodge: Dodged            |     8 |    35 |   132 |    74 |   292 |   376 |   416 |   446 |  1114 ||  2893
Block: Buckler           |       |       |       |       |    24 |    42 |     2 |     1 |    42 ||   111
